 Dungeon Crawl Stone Soup version 0.32-a0-576-g706899e69d (webtiles) character file.

Game seed: 12984860692837713378

2438 Malificent the Covert (level 9, -2/59 HPs)
             Began as an Octopode Shapeshifter on Mar 1, 2024.
             Was a Believer of Yredelemnul.
             Killed from afar by an electric eel (11 damage)
             ... with a bolt of electricity
             ... on level 7 of the Dungeon.
             The game lasted 00:24:22 (5329 turns).

Malificent the Covert (Octopode Shapeshifter)       Turns: 5329, Time: 00:24:23

Health: -2/59      AC:  5    Str: 13    XL:     9   Next: 49%
Magic:  9/9        EV: 14    Int: 16    God:    Yredelemnul [**....]
Gold:   229        SH:  4    Dex: 13    Spells: 8/8 levels left

rFire   + .          .
                       - Unarmed
rCold   + . .        e - +0 buckler
rNeg    + . .        (helmet currently unavailable)
rPois   .            (no amulet)
rElec   .            k - +4 ring of protection
rCorr   .            i - ring of protection from cold
SInv    .            l - ring "Yreadunn" {rF+ rN+ Str-4 Int+3 Dex+2}
Will    .....        (no ring)
Stlth   ++++++       (no ring)
HPRegen 0.29/turn    (no ring)
MPRegen 0.11/turn    (no ring)
                     (no ring)

%: no passive effects
@: beast-form, wreathed by umbra
A: beast (slay +3), almost no armour, amphibious, 8 rings, camouflage 1,
gelatinous body 1, (nimble swimmer 1), tentacles
a: Begin Untransformation, Renounce Religion, Light the Black Torch, Recall
Undead Harvest, Hurl Torchlight


You were on level 7 of the Dungeon.
You worshipped Yredelemnul.
Yredelemnul was noncommittal.
You were a hulking beast.
You visited 1 branch of the dungeon, and saw 7 of its levels.

You collected 322 gold pieces.
You spent 93 gold pieces at shops.

Inventory:

Missiles
 g - 5 javelins (quivered)
 o - 7 curare-tipped darts
Armour
 e - a +0 buckler (worn)
Magical Staves
 p - a staff of air
Jewellery
 i - a ring of protection from cold (right tentacle)
 k - a +4 ring of protection (left tentacle)
 l - the ring "Yreadunn" (on tentacle) {rF+ rN+ Str-4 Int+3 Dex+2}
   (You acquired it on level 5 of the Dungeon)

   [ring of positive energy]

   Str-4:     It affects your strength (-4).
   Int+3:     It affects your intelligence (+3).
   Dex+2:     It affects your dexterity (+2).
   rF+:       It protects you from fire.
   rN+:       It protects you from negative energy.
Talismans
 b - a beast talisman (active)
 c - a flux talisman
 v - a maw talisman
Wands
 j - a wand of polymorph (12)
Scrolls
 f - a scroll of enchant weapon
 h - 4 scrolls of teleportation
 q - a scroll of revelation
 r - a scroll of noise
 s - a scroll of identify
 t - a scroll of amnesia
 u - a scroll of fog {unknown}
Potions
 a - 2 potions of lignification
 m - a potion of brilliance {unknown}
 n - 2 potions of attraction


   Skills:
 * Level 4.4 Fighting
 + Level 1.4 Throwing
 * Level 5.1 Dodging
 + Level 8.0 Stealth
 + Level 1.0 Shields
 + Level 7.7 Unarmed Combat
 * Level 0.6 Invocations
 * Level 5.4 Shapeshifting


You had 8 spell levels left.
You didn't know any spells.
Your spell library contained the following spells:

 Spells                   Type           Power      Damage    Failure   Level
 Cigotuvi's Dreadful Rot  Necr/Alch/Air  0%         N/A       47%         2
 Ignite Poison            Fire/Alch      0%         N/A       98%         4
 Freezing Cloud           Conj/Ice/Air   0%         6-21      100%        5


Dungeon Overview and Level Annotations

Branches:
Dungeon (7/15)             Temple (0/1) D:6

Altars:
Fedhas
Uskayaw
Wu Jian
Yredelemnul
Zin

Shops:
D:2 *

Annotations:
D:3 3 runed translucent doors, DaftaChap's ghost, novice VSFi


Innate Abilities, Weirdness & Mutations

You are a hulking beast.
Your limbs bulge with bestial killing power. (Slay +3)
You cannot wear most types of armour.
You are amphibious.
You can wear up to eight rings at the same time.
Your skin changes colour to match your surroundings (Stealth+).
Your rubbery body absorbs attacks. (AC +1, EV +1)
((You are camouflaged when in or above water. (Stealth+)))
You have tentacles for arms and can constrict up to eight enemies at once.


Message History

Your spectral ufetubus closely misses the gnoll.
Your spectral ufetubus hits the gnoll but does no damage.
You tentacle-slap the gnoll. You grab the gnoll.
The gnoll is almost dead.
You constrict the gnoll.
The electric eel shoots out a bolt of lightning at you!
The bolt of electricity hits the gnoll.
The gnoll dies!
The bolt of electricity hits you!
The bolt of electricity hits your gnoll zombie.
The gnoll hits your spectral ufetubus with a +0 flail!
Your spectral ufetubus is destroyed!
The electric eel shoots out a bolt of lightning at you!
The bolt of electricity hits you!
The electric eel shoots out a bolt of lightning at you!
The bolt of electricity hits the electric eel.
The electric eel completely resists.
The bolt of electricity hits you!
* * * LOW HITPOINT WARNING * * *
The gnoll hits your kobold zombie with a +0 flail!
Your kobold zombie is destroyed!
The gnoll shouts!
You feel better.
The electric eel shoots out a bolt of lightning at you!
The bolt of electricity hits the electric eel.
The electric eel completely resists.
The bolt of electricity misses you.
The electric eel shoots out a bolt of lightning at you!
The bolt of electricity hits you!
* * * LOW HITPOINT WARNING * * *
You closely miss the electric eel. You grab the electric eel.
Your squeeze misses the electric eel. You constrict the electric eel.
The gnoll hits your gnoll zombie with a +0 whip!
The electric eel shoots out a bolt of lightning at you!
The bolt of electricity misses you.
The electric eel shoots out a bolt of lightning at you!
The bolt of electricity hits the gnoll!
The gnoll dies!
The bolt of electricity hits the electric eel.
The electric eel completely resists.
The bolt of electricity hits you!
You die...
Your body rises from the dead as a mindless zombie.

......... ....
.......... .....
$....≈.≈........
...#.....#...#.#
..S....#....≈...#
.#...#.....#...#..
≈.......≈)S........
...≈.≈...gZh.≈.≈...
.#.....#.)Z#.......
....#....≈....#.##.
#.#...#.....#...#......
.......≈.≈.......≈.≈..#
#.≈.≈.......≈.≈.......#
##.....#...#.....#...#..
....#....≈....#....≈....
.......#...#.....#...#.


You could see 2 electric eels, a gnoll, a friendly gnoll zombie and a friendly
kobold brigand zombie.

Vanquished Creatures
  Jeremiah (D:6)
  4 water moccasins
  4 black bears
  A centaur (D:7)
  2 kobold brigands
  A scorpion (D:5)
  A howler monkey (D:5)
  3 hounds
  A gnoll bouda (D:4)
  2 jellies
  A sleepcap (D:6)
  2 iguanas (D:5)
  3 orc wizards (D:6)
  7 gnolls
  11 adders
  2 shadow imps (D:6)
  A white imp (D:5)
  4 ufetubi
  4 dart slugs
  2 ribbon worms
  4 orcs
  6 bats
  8 endoplasms
  6 giant cockroaches
  7 goblins
  6 hobgoblins
  2 jackals (D:4)
  14 kobolds
  3 quokkas
  10 ball pythons
  2 frilled lizards (D:1)
  5 rats
130 creatures vanquished.

Vanquished Creatures (collateral kills)
  A black bear (D:6)
  2 ogres (D:5)
  A bullfrog (D:6)
  A jelly (D:5)
  An orc wizard (D:5)
  A gnoll (D:7)
  2 adders (D:5)
  3 orcs
  2 kobolds (D:6)
14 creatures vanquished.

Vanquished Creatures (others)
  A hound zombie (D:5)
  A howler monkey zombie (D:5)
  2 gnolls (D:7)
  2 kobold zombies (D:7)
  An orc zombie (D:6)
  2 spectral ufetubi (D:7)
9 creatures vanquished.

Grand Total: 153 creatures vanquished

Notes
Turn   | Place    | Note
-------+----------+-------------------------------------------
     0 | D:1      | Malificent the Octopode Shapeshifter began the quest for
                  | the Orb.
     0 | D:1      | Reached XP level 1. HP: 13/13 MP: 1/1
   149 | D:1      | Reached XP level 2. HP: 18/18 MP: 2/2
   339 | D:1      | Reached skill level 1 in Stealth
   508 | D:1      | Reached XP level 3. HP: 23/23 MP: 3/3
   945 | D:2      | Found Besen's Assorted Antiques.
   960 | D:2      | Bought a fizzy golden potion for 18 gold pieces
   960 | D:2      | Bought a sedimented silvery potion for 18 gold pieces
   960 | D:2      | Bought a scroll labelled VUENYMIPYT for 21 gold pieces
   960 | D:2      | Bought a puce potion for 18 gold pieces
   960 | D:2      | Bought a green potion for 18 gold pieces
  1181 | D:2      | Reached skill level 2 in Stealth
  1181 | D:2      | Reached XP level 4. HP: 20/28 MP: 4/4
  1597 | D:3      | Noticed a scorpion
  1661 | D:3      | Found a runed translucent gate.
  1661 | D:3      | Found a runed translucent gate.
  1661 | D:3      | Found a runed translucent gate.
  1662 | D:3      | Noticed DaftaChap's ghost (novice VSFi)
  1728 | D:3      | Reached skill level 3 in Stealth
  1728 | D:3      | Reached XP level 5. HP: 29/33 MP: 5/5
  2385 | D:4      | Found an ornate altar of the Wu Jian Council.
  2660 | D:4      | Reached XP level 6. HP: 38/39 MP: 6/6
  2699 | D:4      | Reached skill level 4 in Stealth
  2807 | D:4      | Found a blossoming altar of Fedhas.
  2814 | D:4      | Found a basalt altar of Yredelemnul.
  2818 | D:4      | Became a worshipper of Yredelemnul the Fallen
  3155 | D:5      | Entered Level 5 of the Dungeon
  3155 | D:5      | Noticed a black bear
  3167 | D:5      | Reached skill level 1 in Throwing
  3171 | D:5      | Reached skill level 5 in Unarmed Combat
  3188 | D:5      | Killed a black bear
  3189 | D:5      | Reached XP level 7. HP: 45/45 MP: 7/7
  3190 | D:5      | Reached skill level 5 in Stealth
  3248 | D:5      | Reached skill level 6 in Stealth
  3248 | D:5      | Reached XP level 8. HP: 33/51 MP: 8/8
  3401 | D:5      | Reached skill level 7 in Stealth
  3521 | D:5      | Found a glowing silver altar of Zin.
  3802 | D:5      | Reached * piety under Yredelemnul
  3935 | D:5      | Identified a scroll of acquirement
  3935 | D:5      | Acquired the ring "Yreadunn" {rF+ rN+ Str-4 Int+3 Dex+2}
  3971 | D:6      | Noticed Jeremiah
  4103 | D:6      | Killed Jeremiah
  4334 | D:6      | Reached XP level 9. HP: 55/58 MP: 9/9
  4353 | D:6      | Found a hide-covered altar of Uskayaw.
  4421 | D:6      | Reached skill level 5 in Shapeshifting
  4770 | D:6      | Reached skill level 5 in Dodging
  4947 | D:6      | Found a staircase to the Ecumenical Temple.
  5276 | D:7      | Reached skill level 1 in Shields
  5285 | D:7      | Reached skill level 8 in Stealth
  5285 | D:7      | Reached ** piety under Yredelemnul
  5329 | D:7      | Killed from afar by an electric eel

Illustrated notes

Levels and vault maps discovered:
D:1:      amcnicky_arrival_wind_blow, layout_basic, minmay_hexomino_p4
D:2:      layout_basic, serial_shops, shop
D:3:      minmay_chambers_of_threes, layout_rooms, gammafunk_ghost_split
D:4:      layout_loops_corners, nzn_wu_jian_contemplation,
          nicolae_overflow_squiral, chequers_avenue
D:5:      layout_rooms, mainiacjoe_overflow_small_starburst, serial_glass,
          glass_columns_b, glass_columns_a, grunt_decor_arrowhead,
          minmay_pentangle
D:6:      layout_loops_corners, nicolae_uskayaw_murder_on_the_dancefloor,
          minmay_temple_entry_nine_rooms, abandoned_shop, uniq_jeremiah
D:7:      layout_basic, marbit_many_paths, lemuel_crystal_altar,
          minmay_misc_feat_plants, nicolae_kite_square_tiling_tiny, minivault_5,
          kennysheep_generic_room_2

Skill      XL: |  1  2  3  4  5  6  7  8  9 |
---------------+----------------------------+-----
Stealth        | 1 2 3 4 6 7 8 |  8.0
Unarmed Combat | 4 5 6 7 |  7.7
Dodging        | 3 4 5 |  5.1
Throwing       | 1 |  1.4
Fighting       | 2 3 4 |  4.4
Shapeshifting  | 4 5 |  5.4
Shields        | 1 |  1.0
Invocations    | |  0.6

Action                     |  1- 3 |  4- 6 |  7- 9 || total
---------------------------+-------+-------+-------++-------
  Melee: Unarmed           |    65 |    84 |   108 ||   257
         Constrict         |    20 |    30 |    27 ||    77
         Tentacles         |    13 |    20 |    27 ||    60
         Punch             |       |     3 |     2 ||     5
  Throw: Javelin           |       |     2 |       ||     2
 Invoke: Light the Black T |       |     2 |     2 ||     4
    Use: Scroll            |     5 |     4 |     3 ||    12
         Potion            |     5 |     2 |     1 ||     8
   Stab: Sleeping          |     8 |    16 |     6 ||    30
 Armour: Skin              |    22 |    31 |    89 ||   142
  Dodge: Dodged            |    31 |    27 |    88 ||   146
  Block: Buckler           |     8 |     6 |    13 ||    27

Table legend: (Time is in decaauts)
 A = Elapsed time spent in this place.
 B = Non-inter-level travel time spent in this place.
 C = Inter-level travel time spent in this place.
 D = Time resting spent in this place.
 E = Time spent auto-exploring this place.
 F = Levels seen in this place.
 G = Mean time per level.
                   A        B        C        D        E       F      G
               +--------+--------+--------+--------+--------+-----+--------+
         Total |   5328 |   5160 |    168 |    601 |   3059 |   7 |  761.1 |
       Dungeon |   5328 |   5160 |    168 |    601 |   3059 |   7 |  761.1 |
               +--------+--------+--------+--------+--------+-----+--------+

Top non-repeatable levels by time:
     D:6: 1155 daAuts
     D:4: 999 daAuts
     D:5: 781 daAuts
     D:2: 732 daAuts
     D:3: 729 daAuts
     D:1: 700 daAuts
     D:7: 230 daAuts
